AoeStats
← jay99_wang

Arena

506384339Analyzed
3v3 RM · 18d ago on Sep 13, 2026· 32m 29s· 6 players
Game mode
Random Map
Map size
Normal (6 player)
Population
200
Speed
Normal
Resources
Standard
Victory
Conquest
Starting age
Dark Age
Ending age
Imperial Age
RankedLock teamsTeams togetherTeam positionsShared explorationLock speedFull tech treeHidden civsTurbo modeCheats
Victory
Defeat
🇨🇳 Khmer · China
1328
+5
🇹🇼 Franks · Taiwan
1038
+14
🇨🇳 Teutons · China
661
+27
🇹🇼 Magyars · Taiwan
1016
-45
🇹🇼 Huns · Taiwan
1016
-45
🇹🇼 Khmer · Taiwan
952
-41
CNZS_溪超
9:54 Feudal Age
14:16 Castle Age
13:25 Double-Bit Axe
13:50 Horse Collar
16:56 Loom
18:05 Gold Mining
27:57 Wheelbarrow
33:08 Imperial Age
31:19 Coinage
31:37 Bow Saw
31:39 Heavy Plow
給你舒服
10:03 Feudal Age
10:32 Loom
10:42 Double-Bit Axe
17:11 Castle Age
15:31 Fletching
18:27 Wheelbarrow
19:45 Bow Saw
19:41 Bodkin Arrow
23:42 Scale Mail Armor
24:37 Forging
26:49 #83
29:18 Chain Mail Armor
31:52 Imperial Age
31:49 Iron Casting
Daemon Targaryen
0:29 Loom
10:33 Feudal Age
11:08 Horse Collar
11:16 Double-Bit Axe
12:16 Town Watch
16:04 Wheelbarrow
20:48 Castle Age
19:53 Stone Mining
22:05 Heavy Plow
22:19 Bow Saw
22:48 Stone Shaft Mining
23:56 Hand Cart
25:51 Gold Mining
34:09 Imperial Age
jordan
2:05 Loom
10:58 Feudal Age
11:36 Double-Bit Axe
18:01 Castle Age
18:13 Crossbowman
21:28 Pikeman
jay99_wang
1:06 Loom
14:06 Feudal Age
14:32 Horse Collar
14:40 Double-Bit Axe
15:33 Wheelbarrow
16:07 Stone Mining
22:45 Fletching
22:58 Gold Mining
23:53 Padded Archer Armor
24:54 Town Watch
25:25 Forging
25:25 Arson
27:05 Scale Mail Armor
29:02 Scale Barding Armor
32:06 Castle Age
banana
12:07 Feudal Age
14:07 Double-Bit Axe
14:05 Horse Collar
15:44 Fletching
15:55 Padded Archer Armor
21:03 Castle Age
18:53 Loom
19:49 Scale Mail Armor
22:28 Thumb Ring
25:10 Scale Barding Armor
29:18 Bodkin Arrow
31:38 Leather Archer Armor
Connection lost

Rejoining the realm…

Still unreachable

The connection could not be restored.

Session expired

The server has moved on; the page needs a fresh start.